 Dungeon Crawl Stone Soup version 0.14-a0-1570-g671a4b6 (webtiles) character file.

119 4tharraofdagon the Firebug (level 4, -2/36 HPs)
             Began as a Djinni Fire Elementalist on Dec 20, 2013.
             Killed by divine providence
             ... invoked by an orc priest
              (14 damage)
             ... on Level 6 of the Dungeon.
             The game lasted 00:04:58 (711 turns).

4tharraofdagon the Firebug (DjFE)                    Turns: 711, Time: 00:04:58

HP  -2/36        AC  2     Str  9      XL: 4   Next: 13%
MP   0/0         EV 12     Int 16      God:
Gold 42          SH  0     Dex 13      Spells:  2 memorised,  5 levels left

rFire  + + +     SeeInvis .     c - scroll of enchant weapon II
rCold  x . .     Clarity  .     a - +0 robe
rNeg   + + +     Conserve .     (no shield)
rPois  .         rCorr    .     (no helmet)
rElec  .         rRot     .     (no cloak)
SustAb . .       Spirit   .     (no gloves)
rMut   .         Warding  .     (boots unavailable)
Saprov . . .     Stasis   .     (no amulet)
                                (no ring)
                                h - cursed ring of wizardry

@: flying, slightly resistant to hostile enchantments, fairly stealthy
A: fire immunity, cold vulnerability, life protection 3
a: no special abilities


You were on level 6 of the Dungeon.
You were not hungry.

You visited 1 branch of the dungeon, and saw 5 of its levels.

You collected 42 gold pieces.

Inventory:

Missiles
 i - 3 poisoned darts (quivered)
Armour
 a - a +0 robe (worn)
Scrolls
 c - a scroll of enchant weapon II (in hand)
Jewellery
 h - a cursed ring of wizardry (left hand)
Books
 b - a book of Flames

   Spells                             Type                      Level
   *Flame Tongue                      Conjuration/Fire             1
   Throw Flame                        Conjuration/Fire             2
   *Conjure Flame                     Conjuration/Fire             3
   Inner Flame                        Hexes/Fire                   3
   Sticky Flame                       Conjuration/Fire             4
   Fireball                           Conjuration/Fire             5


   Skills:
 - Level 1.7 Dodging
 - Level 1.5 Stealth
 + Level 3.2 Spellcasting
 * Level 2.5 Conjurations
 * Level 5.2 Fire Magic


You had 5 spell levels left.
You knew the following spells:

 Your Spells              Type           Power        Failure   Level  Hunger
a - Flame Tongue          Conj/Fire      ###..        1%          1    None
b - Conjure Flame         Conj/Fire      ###.....     4%          3    ###....


Dungeon Overview and Level Annotations

Branches:
Dungeon (6/16)
 Temple: D:4-7

Altars:


Innate Abilities, Weirdness & Mutations

You are immune to all types of fire, even holy and hellish.
You are vulnerable to cold.
You need no food.
You have no legs.
You are immune to negative energy.


Message History

Your ring of wizardry glows black for a moment.
It was a scroll of curse jewellery.
The hound barely misses you. The iguana skeleton bites you.
The hound bites you.
Read which item? (? for menu, Esc to quit)
As you read the scroll labeled TRIDIKL YRGHOXOIMU, it crumbles to dust.
You assume a fearsome visage.
The iguana skeleton is unaffected.
The orc warrior looks frightened!
The hound looks frightened!
It was a scroll of fear.
The iguana skeleton bites you.
* * * LOW HITPOINT WARNING * * *
Unknown command.
Your magical contamination has completely faded away.
An orc wizard comes into view. It is wielding an orcish dagger.
The orc wizard shouts!
The orc priest shouts!
Unknown command.
The iguana skeleton misses you.
Unknown command.
The orc priest mumbles some strange prayers to Beogh against you.
Something smites you!
You die...

.........# #. )........#
#. ####.....# #.
#.....#######)
#.............
#.............
#.............
#.########...o.........
#.....@..z..o..........
#......................
........................
########################


You could see an orc priest, an orc wizard and an iguana skeleton.

Vanquished Creatures
  A centaur skeleton (D:6)
  2 adders (D:3)
  A worm (D:3)
  2 bats (D:1)
  3 giant cockroaches
  5 goblins
  2 hobgoblins (D:3)
  4 jackals (D:1)
  2 kobolds (D:1)
  2 giant newts
  An orc zombie (D:6)
  4 rats
29 creatures vanquished.

Notes
Turn   | Place    | Note
--------------------------------------------------------------
     0 | D:1      | 4tharraofdagon, the Djinni Fire Elementalist, began the quest for the Orb.
     0 | D:1      | Reached XP level 1. HP: 14/14 MP: 0/0
   104 | D:1      | Reached XP level 2. EP: 3/22
   414 | D:3      | Reached XP level 3. EP: 6/28
   419 | D:3      | Learned a level 3 spell: Conjure Flame
   464 | D:3      | Reached skill level 5 in Fire Magic
   672 | D:6      | Reached XP level 4. EP: 34/36
   685 | D:6      | Noticed an orc warrior
   711 | D:6      | Killed from afar by an orc priest

Action                   |  1- 3 |  4- 6 || total
-------------------------+-------+-------++-------
Melee: Unarmed           |     3 |       ||     3
 Cast: Flame Tongue      |    48 |       ||    48
       Conjure Flame     |     2 |       ||     2
  Use: Potion            |     2 |       ||     2
       Scroll            |       |     4 ||     4
